Selects Luftwaffe Battlegroup
Selects Luftwaffe Pioneer Support
Fallschirmpioneer Squad Paradrop
Construct Infanterie Kompanie
Construct Infanterie Kompanie
Fallschirmpioneer Squad Paradrop
Construct Panzergrenadier Kompanie
Selects Stuka Strafing Run
Pak 40 Anti-tank Gun Team
Selects Fallschirmjäger Squad Paradrop
Selects Luftwaffe Combat Group
Construct Panzer Kompanie
Pak 40 Anti-tank Gun Team
Selects Infantry Reserves
Nebelwerfer 42 Rocket Launcher Team
Pak 40 Anti-tank Gun Team
Pak 40 Anti-tank Gun Team
Fallschirmpioneer Squad Paradrop
Fallschirmpioneer Squad Paradrop
Pak 40 Anti-tank Gun Team
Fallschirmjäger Squad Paradrop